 Dungeon Crawl Stone Soup version 0.21.1-1-g345015f (webtiles) character file.

42 inc the Ducker (level 3, -10/14 HPs)
             Began as a Felid Ice Elementalist on Feb 20, 2018.
             Mangled by an ice beast (14 damage)
             ... on level 2 of the Dungeon.
             The game lasted 00:03:00 (1377 turns).

inc the Ducker (Felid Ice Elementalist)             Turns: 1377, Time: 00:03:02

Health: -10/14     AC:  6    Str:  4    XL:     3   Next: 33%
Magic:  5/8        EV: 18    Int: 17    God:
Gold:   66         SH:  0    Dex: 16    Spells: 3/7 levels left
                                        Lives:  0   Deaths: 0

rFire    . . .     SeeInvis +   (weapon unavailable)
rCold    . . .     Gourm    .   (shield unavailable)
rNeg     . . .     Faith    .   (armour unavailable)
rPois    .         Spirit   .   (helmet unavailable)
rElec    .         Reflect  .   (cloak unavailable)
rCorr    .         Harm     .   (gloves unavailable)
MR       .....                  (boots unavailable)
Stlth    +++.......             (no amulet)
HPRegen  0.04/turn              (no ring)
MPRegen  0.11/turn              (no ring)

@: icy armour, quick
A: very small, no armour, no weapons or thrown items, stealth, claws 1, fangs 3,
see invisible, carnivore, speed 1, shaggy fur 1, slow metabolism 1, sharp paws
a: no special abilities


You were on level 2 of the Dungeon.
You were very full.

You visited 1 branch of the dungeon, and saw 2 of its levels.

You collected 66 gold pieces.

Inventory:

Jewellery
 h - an uncursed ring of poison resistance {unknown}
Scrolls
 d - a scroll of enchant armour {unknown}
 f - a scroll of fog {unknown}
 g - 2 scrolls of remove curse {unknown}
 i - 2 scrolls of identify {unknown}
 j - a scroll of random uselessness {unknown}
Potions
 c - 2 potions of haste {unknown}
 e - a potion of curing {unknown}
 k - a potion of lignification {unknown}
 l - a potion of might {unknown}
Books
 a - a book of Frost

   Spells                             Type                      Level
   a - Freeze                         Ice                          1
   b - Throw Frost                    Conjuration/Ice              2
   c - Ozocubu's Armour               Charms/Ice                   3
   d - Throw Icicle                   Conjuration/Ice              4
   e - Summon Ice Beast               Ice/Summoning                4
Comestibles
 b - a ration


   Skills:
 + Level 3.2 Dodging
 + Level 2.9 Stealth
 + Level 0.8 Unarmed Combat
 + Level 2.7 Spellcasting
   Level 0.8 Conjurations
 + Level 3.0 Ice Magic


You had 3 spell levels left.
You knew the following spells:

 Your Spells              Type           Power        Failure   Level  Hunger
a - Freeze                Ice            ##..         4%          1    #......
b - Ozocubu's Armour      Chrm/Ice       #.......     28%         3    ###....


Dungeon Overview and Level Annotations

Branches:
Dungeon (2/15)

Altars:
Makhleb


Innate Abilities, Weirdness & Mutations

You cannot wear armour.
You are incapable of wielding weapons or throwing items.
Your paws allow you to move quietly. (Stealth)
You have sharp claws.
You have razor-sharp teeth.
You have supernaturally acute eyesight. (SInv)
You are carnivorous and can eat meat at any time.
You cover ground quickly.
You are covered in fur. (AC +1)
You have a slow metabolism.
Your sharp claws are effective at attacking unaware monsters.


Message History

Casting: Freeze
Confirm with . or Enter, or press ? or * to list all spells.
Aiming: Freeze
Press: ? - help, Shift-Dir - straight line, f - bat
Aim: a bat You freeze the bat.
You kill the bat!
l - an inky potion A hobgoblin comes into view.
It is wielding a club.
A hobgoblin is nearby!
An ice beast comes into view.
The hobgoblin shouts!
The ice beast hits you. The ice beast freezes you.
Casting: Freeze
Confirm with . or Enter, or press ? or * to list all spells.
A film of ice covers your body! The ice beast hits you.
* * * LOW HITPOINT WARNING * * *
The ice beast freezes you!
Ouch! That really hurt!
You die...

####.#......#..###.
#....###...##.##...
###.#..########(##.#.
#...#...# #.#....
#.#####.#######......
#...#...#..)..#......
###.#.###.....#......
#...# #.......#†...
##@## #.....#####)#
#Y# #.(...# #.# #.g.#
####### #.# #...# #.#
#...# #.# ##.## ..#
#.# ### #.. ###


You could see an ice beast and a hobgoblin.

Vanquished Creatures
  An ooze (D:1)
  A dart slug (D:1)
  2 leopard geckos (D:1)
  A ball python (D:1)
  2 bats
  A giant cockroach (D:1)
  A goblin (D:1)
  6 hobgoblins (D:1)
  4 kobolds
  2 frilled lizards (D:1)
  14 rats
35 creatures vanquished.

Notes
Turn   | Place    | Note
-------+----------+-------------------------------------------
     0 | D:1      | inc the Felid Ice Elementalist began the quest for the Orb.
     0 | D:1      | Reached XP level 1. HP: 7/7 MP: 4/4
   254 | D:1      | Reached XP level 2. HP: 8/11 MP: 1/6
   750 | D:1      | Reached XP level 3. HP: 14/14 MP: 4/7
  1013 | D:1      | Learned a level 3 spell: Ozocubu's Armour
  1233 | D:2      | Found a burning altar of Makhleb.
  1373 | D:2      | Noticed an ice beast
  1377 | D:2      | Mangled by an ice beast

Skill      XL: |  1  2  3 |
---------------+----------+-----
Dodging        | 3 |  3.2
Ice Magic      | 3 |  3.0
Stealth        | |  2.9
Unarmed Combat | |  0.8
Spellcasting   | |  2.7
Conjurations   | |  0.8

Action                   || total
-------------------------++-------
Melee: Unarmed           ||    35
       Bite              ||     2
 Cast: Freeze            ||    36
       Ozocubu's Armour  ||     2
 Stab: Sleeping          ||    13
  Eat: Chunk             ||     7
Armor: Skin              ||     4
Dodge: Dodged            ||    39
